 Dungeon Crawl Stone Soup version 0.22-a0-617-g6d95e9e (webtiles) character file.

25660 Amnesiac the Thaumaturge (level 12, -3/99 HPs)
             Began as a Mummy Earth Elementalist on July 13, 2018.
             Was the Champion of Dithmenos.
             Slain by an unseen horror (10 damage)
             ... on level 3 of the Abyss.
             The game lasted 00:34:27 (16244 turns).

Amnesiac the Thaumaturge (MuEE)                    Turns: 16244, Time: 00:34:28

Health: -3/99      AC: 12    Str: 12    XL:     12   Next: 91%
Magic:  8/26       EV: 16    Int: 19    God:    Dithmenos [******]
Gold:   1010       SH:  5    Dex: 12    Spells: 8/31 levels left

rFire    x . .     SeeInvis .   a - +0 dagger (drain)
rCold    + + .     Gourm    .   i - +0 buckler
rNeg     + + +     Faith    .   D - +2 robe {rN+}
rPois    ∞         Spirit   .   l - +0 helmet
rElec    .         Reflect  .   w - +2 cloak {rPois}
rCorr    .         Harm     .   c - +0 pair of gloves
MR       +....                  r - +2 pair of boots {Stlth+}
Stlth    +++++++++.             E - amulet of Vitality {Regen+ HP+15}
HPRegen  0.66/turn              u - ring of protection from cold
MPRegen  0.20/turn              x - ring of stealth

@: about to teleport, very slightly contaminated, wreathed by umbra
A: no food or potions, fire vulnerability, cold resistance 1, negative energy
resistance 3, torment resistance, unbreathing
a: Shadow Step, Shadow Form, Renounce Religion


You were on level 3 of the Abyss.
You worshipped Dithmenos.
Dithmenos was exalted by your worship.
You were not hungry.

You visited 1 branch of the dungeon, and saw 13 of its levels.
You visited the Abyss 1 time.
You also visited: Ice Cave.

You collected 1010 gold pieces.

Inventory:

Hand Weapons
 a - a +0 dagger of draining (weapon)
 A - a +2 short sword of electrocution
 B - a +0 dagger of venom
Missiles
 m - 175 stones (quivered)
Armour
 c - a +0 pair of gloves (worn)
 i - a +0 buckler (worn)
 j - a +0 shield
 l - a +0 helmet (worn)
 r - a +2 pair of boots of stealth (worn)
 w - a +2 cloak of poison resistance (worn)
 D - a +2 robe of positive energy (worn)
Magical Staves
 b - an uncursed staff of wizardry
 s - an uncursed staff of death
Jewellery
 p - an uncursed ring of flight
 u - a ring of protection from cold (left hand)
 x - a ring of stealth (right hand)
 E - the amulet of Vitality (around neck) {Regen+ HP+15}
   (You found it in an ice cave)

   [amulet of regeneration]

   It affects your health (+15).
   It increases your rate of regeneration.
 H - an uncursed ring of resist corrosion {unknown}
Wands
 q - a wand of flame (35)
 t - a wand of clouds (5)
 C - a wand of paralysis (13)
 G - a wand of disintegration (10)
 I - a wand of random effects (39)
Scrolls
 d - 2 scrolls of immolation {!r}
 e - 8 scrolls of identify {!r}
 f - 4 scrolls of teleportation {!r}
 g - a scroll of noise {!r}
 h - a scroll of fear {!r}
 k - 2 scrolls of magic mapping {!r}
 n - 6 scrolls of remove curse {!r}
 o - 3 scrolls of blinking {!r}
 y - a scroll of fog {!r}
 z - 4 scrolls of enchant armour {!r}
 F - a scroll of silence {!r}


   Skills:
 + Level 4.5 Fighting
 - Level 8.0 Short Blades
 - Level 8.0 Dodging
 - Level 8.0 Stealth
 - Level 4.0 Shields
 - Level 10.0 Spellcasting
 - Level 0.7 Transmutations
 - Level 10.0 Earth Magic


You had 8 spell levels left.
You knew the following spells:

 Your Spells              Type           Power        Failure   Level  Hunger
a - Stone Arrow           Conj/Erth      ####..       2%          3    N/A
b - Passwall              Tmut/Erth      ####....     1%          2    N/A
c - Sandblast             Erth           #####.       1%          1    N/A
d - Lee's Rapid Deconstr  Erth           #####.....   3%          5    N/A
e - Petrify               Tmut/Erth      ####....     9%          4    N/A
f - Mephitic Cloud        Conj/Pois/Air  #.......     22%         3    N/A
s - Conjure Flame         Conj/Fire      #.......     22%         3    N/A
v - Blink                 Tloc           N/A          11%         2    N/A

Your spell library contained the following spells:

 Spells                   Type           Power        Failure   Level  Hunger
 Magic Dart               Conj           #...         8%          1    N/A
 Bolt of Magma            Conj/Fire/Erth ###.......   45%         5    N/A
 Slow                     Hex            #.......     11%         2    N/A
 Venom Bolt               Conj/Pois      #.........   90%         5    N/A
 Call Imp                 Summ           #.......     11%         2    N/A
 Iron Shot                Conj/Erth      ####......   82%         6    N/A
 Spider Form              Tmut/Pois      ##........   19%         3    N/A
 Blade Hands              Tmut           ##........   83%         5    N/A
 Ice Form                 Ice/Tmut       ##......     54%         4    N/A
 Sticks to Snakes         Tmut           ##......     9%          2    N/A
 Orb of Destruction       Conj           #.........   100%        7    N/A
 Beastly Appendage        Tmut           ##....       5%          1    N/A
 Iskenderun's Battlesphe  Conj/Chrm      #.......     90%         5    N/A
 Spellforged Servitor     Conj/Summ      #.........   100%        7    N/A

Dungeon Overview and Level Annotations

Branches:
Dungeon (13/15)            Temple (0/1) D:7            Lair (0/6) D:10
    Orc (0/2) D:11
 Vaults: D:13-14

Altars:
Ashenzari
Cheibriados
Dithmenos
Fedhas
Hepliaklqana
Nemelex Xobeh
Ru
Uskayaw
Wu Jian
Xom
Yredelemnul

Shops:
D:4 (   D:6 =(!

Annotations:
D:10 exclusion: fire dragon


Innate Abilities, Weirdness & Mutations

You do not eat or drink.
Your flesh is vulnerable to fire.
You are immune to poison.
Your flesh is cold resistant. (rC+)
You are immune to negative energy. (rN+++)
You are immune to unholy pain and torment.
You can survive without breathing.


Message History

The thrashing horror tramples you but does no damage.
The thrashing horror barely misses you. Something hits you but does no damage.
Something hits you! The thrashing horror tramples you.
You hold your ground!
The thrashing horror closely misses you.
Something hits you! Something hits you but does no damage.
Something closely misses you.
Casting: Blink (safe; 11% risk of failure)
Confirm with . or Enter, or press ? or * to list all spells.
You blink.
The abyssal rune of Zot is a mimic!
The abyssal rune of Zot mimic chortles and vanishes in a puff of smoke!
Something hits you but does no damage.
You block the thrashing horror's attack.
The thrashing horror misses you.
The thrashing horror closely misses you. x2
The thrashing horror completely misses you.
The thrashing horror tramples you but does no damage.
The lurking horror explodes!
You feel a surge of unholy energy. Something hits you.
The thrashing horror tramples you!
You stumble backwards!
Casting: Blink (safe; 11% risk of failure)
Confirm with . or Enter, or press ? or * to list all spells.
You blink.
The abyssal rune of Zot is a mimic!
The abyssal rune of Zot mimic snickers and vanishes in a puff of smoke!
Something hits you.
You block the thrashing horror's attack.
The thrashing horror tramples you.
You stumble backwards!
Something hits you.
* * * LOW HITPOINT WARNING * * *
Casting: Blink (safe; 11% risk of failure)
Confirm with . or Enter, or press ? or * to list all spells.
You blink.
The thrashing horror completely misses you.
The thrashing horror tramples you.
* * * LOW HITPOINT WARNING * * *
You hold your ground!
The thrashing horror tramples you but does no damage.
The thrashing horror closely misses you.
Something hits you!
* * * LOW HITPOINT WARNING * * *
Something hits you!
* * * LOW HITPOINT WARNING * * *
Casting: Blink (safe; 11% risk of failure)
Confirm with . or Enter, or press ? or * to list all spells.
You blink.
Something hits you.
* * * LOW HITPOINT WARNING * * *
The thrashing horror tramples you.
* * * LOW HITPOINT WARNING * * *
You hold your ground!
The thrashing horror tramples you.
* * * LOW HITPOINT WARNING * * *
You hold your ground!
Casting: Blink (safe; 11% risk of failure)
Confirm with . or Enter, or press ? or * to list all spells.
Aiming: Passwall (safe; 1% risk of failure)
Press: ? - help, Dir - move target cursor A translucent rock wall.
This square is wreathed by an umbra.
Something hits you.
* * * LOW HITPOINT WARNING * * *
Something hits you but does no damage.
The thrashing horror closely misses you.
The thrashing horror tramples you!
* * * LOW HITPOINT WARNING * * *
You hold your ground!
Something hits you but does no damage. Something barely misses you.
Something hits you!
You die...

# .. .#. .G##.###..# ..
.# ..#... # .. ..
..#.....### .###.
#S#+++#S##.# .# #.
......###?)(###..#..#.
.
#...##)X?.(##.........
#...#(XX(?)[# ...... .
#...#@(?*(?(#..#.(####
##..#?/X[??[#..# #...#
##..##(.[/?##. # #.##
.....##§$$##..#..#.#
#.......#####....#§...
#..§##.........#....#.#
.#.# ##.....#.##....#.
.# .#..### # .#!.
.##... .#.#.


You could see 4 thrashing horrors and a lurking horror.

Vanquished Creatures
  Josephine (D:11)
  A death knight (D:12)
  3 two-headed ogres
  4 tengu warriors
  A harpy (D:13)
  A phantasmal warrior (D:13)
  A manticore (D:13)
  2 cyclopes (D:13)
  A deep elf mage (D:13)
  3 ugly things
  Maurice (D:8)
  2 ice statues (IceCv)
  2 gargoyles
  A kobold demonologist (D:7)
  2 freezing wraiths (D:13)
  2 trolls (D:13)
  A meliai zombie (D:11)
  A slime creature (D:13)
  3 hippogriffs
  A shadow (D:11)
  2 wyverns
  6 wraiths (D:11)
  11 yaks
  2 vampires
  A tarantella (shapeshifter) (D:13)
  A hungry ghost (D:10)
  A basilisk (D:13)
  A vampire mosquito (D:13)
  Menkaure (D:6)
  A soldier ant (D:13)
  3 porcupines (D:10)
  A swamp drake (D:11)
  2 sky beasts
  19 ice beasts
  4 orc warriors
  2 phantoms
  11 ogres
  2 necrophages
  10 centaurs
  5 crocodiles
  5 big kobolds
  5 bullfrogs
  A water moccasin zombie (D:7)
  2 scorpions
  21 killer bees
  5 wights (D:12)
  A howler monkey (D:8)
  9 crimson imps
  A quasit (D:11)
  2 jellies
  4 centaur skeletons
  A bullfrog skeleton (D:13)
  9 orc priests
  4 hounds
  19 orc wizards
  5 iguanas
  11 worker ants
  A bullfrog simulacrum (D:13)
  A hound zombie (D:11)
  4 hound skeletons
  10 adders
  A shadow imp (D:7)
  2 oozes
  An adder zombie (D:5)
  An adder skeleton (D:5)
  5 worms
  2 dart slugs
  5 leopard geckos
  56 orcs
  2 ball pythons (D:2)
  7 bats
  2 giant cockroaches
  2 gnoll zombies (D:9)
  7 goblins
  10 hobgoblins
  16 jackals
  3 quokkas
  8 frilled lizards
  25 kobolds
  A leopard gecko skeleton (D:8)
  2 quokka zombies
  7 rats
406 creatures vanquished.

Vanquished Creatures (others)
  An orc (D:11)
  A fungus (D:10)
  A lurking horror (Abyss:3)
  A plant (D:10)
4 creatures vanquished.

Grand Total: 410 creatures vanquished

Notes
Turn   | Place    | Note
-------+----------+-------------------------------------------
     0 | D:1      | Amnesiac the Mummy Earth Elementalist began the quest for the Orb.
     0 | D:1      | Reached XP level 1. HP: 13/13 MP: 4/4
   110 | D:1      | Reached XP level 2. HP: 6/19 MP: 0/5
   157 | D:1      | Learned a level 2 spell: Passwall
   610 | D:1      | Reached XP level 3. HP: 19/24 MP: 1/7
   758 | D:2      | Found a shadowy altar of Dithmenos.
   766 | D:2      | Became a worshipper of Dithmenos the Shadowed
  1285 | D:1      | Reached skill level 1 in Short Blades
  1615 | D:2      | Reached skill level 1 in Shields
  1615 | D:2      | Reached XP level 4. HP: 30/30 MP: 6/9
  1774 | D:2      | Learned a level 4 spell: Petrify
  2504 | D:3      | Reached XP level 5. HP: 35/35 MP: 7/10
  2509 | D:3      | Reached * piety under Dithmenos
  2699 | D:3      | Found a faded altar of an unknown god.
  3632 | D:4      | Found Keptesk's Weapon Shoppe.
  3721 | D:4      | Reached ** piety under Dithmenos
  3817 | D:4      | Reached XP level 6. HP: 28/41 MP: 10/12
  3824 | D:4      | Learned a level 5 spell: Lee's Rapid Deconstruction
  4511 | D:4      | Reached XP level 7. HP: 45/46 MP: 9/14
  4549 | D:4      | Got a pitted trident
  4654 | D:4      | Learned a level 3 spell: Stone Arrow
  4709 | D:5      | Entered Level 5 of the Dungeon
  4751 | D:5      | Reached skill level 5 in Spellcasting
  4751 | D:5      | Reached skill level 5 in Earth Magic
  5571 | D:5      | Reached XP level 8. HP: 43/52 MP: 13/16
  5947 | D:6      | Found Fibif's Jewellery Emporium.
  6051 | D:6      | Found Orghuw's Distillery.
  6079 | D:6      | Noticed Menkaure
  6390 | D:6      | Killed Menkaure
  6476 | D:6      | Identified the +6 trident "Qiomofuk" {elec, *Noise *Drain +Fly SInv} (You found it on level 4 of the Dungeon)
  6485 | D:6      | Found Urumojacev's Weapon Emporium.
  6689 | D:6      | Found a hazy altar of Hepliaklqana.
  6805 | D:6      | Found an ornate altar of the Wu Jian Council.
  6805 | D:6      | Found a shattered altar of Ashenzari.
  6812 | D:6      | Found a hide-covered altar of Uskayaw.
  6815 | D:6      | Found a faded altar of an unknown god.
  6817 | D:6      | Found a sparkling altar of Nemelex Xobeh.
  6847 | D:7      | Found a sacrificial altar of Ru.
  6849 | D:7      | Found a staircase to the Ecumenical Temple.
  6875 | D:7      | Learned a level 2 spell: Blink
  7060 | D:7      | Reached *** piety under Dithmenos
  7495 | D:8      | Noticed a kobold demonologist
  7511 | D:7      | Killed a kobold demonologist
  7511 | D:7      | Reached XP level 9. HP: 41/57 MP: 12/19
  7786 | D:8      | Reached **** piety under Dithmenos
  8292 | D:8      | Learned a level 3 spell: Conjure Flame
  8428 | D:8      | Noticed Maurice
  8454 | D:8      | Killed Maurice
  8818 | D:9      | Reached XP level 10. HP: 58/63 MP: 20/22
  9842 | D:9      | Found a basalt altar of Yredelemnul.
  9879 | D:10     | Entered Level 10 of the Dungeon
  9954 | D:10     | Found a staircase to the Lair.
 10008 | D:10     | Reached skill level 10 in Spellcasting
 10008 | D:10     | Reached skill level 10 in Earth Magic
 10257 | D:10     | Reached ***** piety under Dithmenos
 10582 | D:10     | Noticed a fire dragon
 10931 | D:10     | Reached XP level 11. HP: 42/68 MP: 9/25
 11095 | D:10     | Reached skill level 5 in Dodging
 11242 | D:11     | Noticed a two-headed ogre
 11529 | D:11     | Found a staircase to the Orcish Mines.
 11917 | D:11     | Reached skill level 5 in Short Blades
 12101 | D:11     | Noticed Josephine
 12350 | D:11     | Killed Josephine
 12510 | D:11     | Noticed a two-headed ogre
 12522 | D:11     | Killed a two-headed ogre
 12949 | D:12     | Reached skill level 5 in Stealth
 13058 | D:12     | Found a frozen archway.
 13070 | IceCv    | Entered an ice cave
 13070 | IceCv    | Noticed a white ugly thing
 13081 | IceCv    | Found a transporter.
 13113 | IceCv    | Killed a white ugly thing
 13323 | IceCv    | Noticed a white ugly thing
 13324 | IceCv    | Found the amulet of Vitality {Regen+ HP+15}
 13335 | IceCv    | Killed a white ugly thing
 13344 | IceCv    | Found a transporter.
 13731 | D:12     | Noticed a two-headed ogre
 13739 | D:12     | Killed a two-headed ogre
 13949 | D:12     | Reached XP level 12. HP: 74/74 MP: 22/26
 14002 | D:12     | Got an encrusted hand axe
 14088 | D:12     | Noticed a two-headed ogre
 14096 | D:12     | Killed a two-headed ogre
 14401 | D:12     | Noticed a tengu warrior
 14428 | D:12     | Killed a tengu warrior
 14920 | D:13     | Noticed a death knight
 14964 | D:12     | Killed a death knight
 15174 | D:13     | Learned a level 3 spell: Mephitic Cloud
 15405 | D:13     | Noticed a tengu warrior
 15413 | D:13     | Killed a tengu warrior
 15546 | D:13     | Found a runed door.
 15628 | D:13     | Reached ****** piety under Dithmenos
 15694 | D:13     | Found a snail-covered altar of Cheibriados.
 15694 | D:13     | Found a blossoming altar of Fedhas.
 15696 | D:13     | Found a sparkling altar of Nemelex Xobeh.
 15696 | D:13     | Found a shimmering altar of Xom.
 15724 | D:13     | Reached skill level 1 in Fighting
 15733 | D:13     | Noticed a tengu warrior
 15733 | D:13     | Noticed a tengu warrior
 15737 | D:13     | Killed a tengu warrior
 15744 | D:13     | Killed a tengu warrior
 16211 | D:13     | Cast into level 3 of the Abyss (a wizard)
 16240 | Abyss:3  | Noticed a great orb of eyes
 16244 | Abyss:3  | Slain by an unseen horror

Vault maps used:
D:1:      giann_bridges
D:2:      nicolae_dithmenos_shadow_blocks, minmay_tree_intersection,
          minmay_misc_feat_doors, kennysheep_generic_room_2
D:3:      chequers_ecumenical_altar_simple, minivault_11
D:4:      first_ration, serial_shops, shop, minivault_5
D:6:      lemuel_doored_altar, chequers_temple_overflow_minitemple,
          serial_shops, nicolae_shop_statue_plus, shop, shop_fountains,
          uniq_menkaure
D:7:      kennysheep_big_flooded_room, lemuel_crystal_altar,
          minmay_temple_entry_trees
D:8:      special_room, uniq_maurice
D:9:      lemuel_zombie_altar_yredelemnul
D:10:     dragon1_lemuel, minmay_lair_entry_grove
D:11:     erik_orc_1, uniq_josephine
D:12:     portal_ice_cave_entry_ice_beasts, grunt_tengu_nest
D:13:     minmay_the_grid_octo_tiled_octocenter, david_vaults_1
Abyss:3:  evilmike_abyss_exit_15, hangedman_grunt_abyss_rune_horror_hoard
IceCv:    ice_cave_statue_garden_transporter

Skill      XL: |  1  2  3  4  5  6  7  8  9 10 11 12 |
---------------+-------------------------------------+-----
Stealth        | 2 3 5 8 |  8.0
Spellcasting   | 3 4 5 7 8 10 | 10.0
Earth Magic    | 3 4 5 7 8 10 | 10.0
Short Blades   | 1 2 4 7 8 |  8.0
Shields        | 1 2 3 4 |  4.0
Dodging        | 2 4 6 8 |  8.0
Fighting       | 4 |  4.5
Transmutations | |  0.7

Action                   |  1- 3 |  4- 6 |  7- 9 | 10-12 || total
-------------------------+-------+-------+-------+-------++-------
Melee: Dagger            |    21 |   148 |    11 |   140 ||   320
       Short sword       |       |    46 |   137 |   381 ||   564
       Trident           |       |       |   225 |       ||   225
 Cast: Sandblast         |    40 |    87 |    52 |   104 ||   283
       Passwall          |     2 |     4 |     3 |     8 ||    17
       Petrify           |       |       |     6 |    57 ||    63
       Conjure Flame     |       |       |     2 |    13 ||    15
       Blink             |       |       |       |     6 ||     6
       Stone Arrow       |       |       |       |    80 ||    80
       Lee's Rapid Decon |       |       |       |    19 ||    19
Evoke: Wand              |       |       |       |     3 ||     3
       Phantom mirror    |       |       |       |     1 ||     1
  Use: Scroll            |       |       |    11 |     5 ||    16
 Stab: Sleeping          |     2 |     3 |    12 |    23 ||    40
       Petrified         |       |       |     8 |    50 ||    58
       Distracted        |       |       |     1 |     1 ||     2
       Paralysed         |       |       |       |     3 ||     3
       Confused          |       |       |       |     1 ||     1
       Fleeing           |       |       |       |     1 ||     1
       Petrifying        |       |       |       |     2 ||     2
Armor: Robe              |    14 |    29 |    60 |   152 ||   255
Dodge: Dodged            |    48 |   144 |   225 |   431 ||   848
Block: Buckler           |       |     3 |    73 |   130 ||   206

Table legend:
 A = Spawn XP
 B = Non-spawn XP
 C = Spawn XP percentage of total XP
 D = Spawn monster count
 E = Non-spawn monster count
 F = Spawn count percentage of total count
 G = Total turns spent on level
                    A         B        C        D         E        F      G
               +---------+---------+-------+---------+---------+-------+---------
         Total |       0 |   36658 |   0.0 |       0 |     406 |   0.0 | 16244
               +---------+---------+-------+---------+---------+-------+---------
           D:1 |       0 |      80 |   0.0 |       0 |      25 |   0.0 |  1554
           D:2 |       0 |     112 |   0.0 |       0 |      28 |   0.0 |   926
           D:3 |       0 |     123 |   0.0 |       0 |      28 |   0.0 |  1151
           D:4 |       0 |     450 |   0.0 |       0 |      16 |   0.0 |  1081
           D:5 |       0 |     723 |   0.0 |       0 |      25 |   0.0 |  1400
           D:6 |       0 |     512 |   0.0 |       0 |      15 |   0.0 |   735
           D:7 |       0 |    1119 |   0.0 |       0 |      18 |   0.0 |   771
           D:8 |       0 |    2972 |   0.0 |       0 |      61 |   0.0 |  1513
           D:9 |       0 |    1899 |   0.0 |       0 |      35 |   0.0 |   748
          D:10 |       0 |    3737 |   0.0 |       0 |      26 |   0.0 |  1407
          D:11 |       0 |    4614 |   0.0 |       0 |      41 |   0.0 |  1660
          D:12 |       0 |    6808 |   0.0 |       0 |      34 |   0.0 |  1298
          D:13 |       0 |   10916 |   0.0 |       0 |      44 |   0.0 |  1374
         IceCv |       0 |    2593 |   0.0 |       0 |      10 |   0.0 |   593
               +---------+---------+-------+---------+---------+-------+---------
